 Dungeon Crawl Stone Soup version 0.28-a0-1227-ga9037bb4c8 (webtiles) character file.

Game seed: 3616923073099432537

17 chunkyMonkey the Ruffian (level 2, -5/21 HPs)
             Began as a Formicid Transmuter on Dec 22, 2021.
             Slain by Jessica (6 damage)
             ... on level 2 of the Dungeon.
             The game lasted 00:01:47 (1065 turns).

chunkyMonkey the Ruffian (Formicid Transmuter)      Turns: 1065, Time: 00:01:47

Health: -5/21      AC:  2    Str: 14    XL:     2   Next: 80%
Magic:  3/5        EV: 12    Int: 12    God:
Gold:   94         SH:  0    Dex: 11    Spells: 3/6 levels left

rFire   . . .      SeeInvis +     - Unarmed
rCold   . . .      Faith    .   (no shield)
rNeg    . . .      Spirit   .   a - +0 robe
rPois   .          Reflect  .   (helmet unavailable)
rElec   .          Harm     .   (no cloak)
rCorr   .          Rampage  .   (no gloves)
Will    .....                   (boots currently unavailable)
Stlth   +.........              (no amulet)
HPRegen 0.07/turn               (no ring)
MPRegen 0.09/turn               (no ring)

@: appendages
A: talons 2, permanent stasis, dig shafts and tunnels, antennae 3, four strong
arms
a: Dig, Shaft Self, End Transformation


You were on level 2 of the Dungeon.
You had temporarily grown beastly talons.
You visited 1 branch of the dungeon, and saw 2 of its levels.

You collected 94 gold pieces.

Inventory:

Hand Weapons
 e - a +0 hand axe
Missiles
 h - 15 poisoned darts
Armour
 a - a +0 robe (worn)
 f - a +0 scale mail
 j - a +2 robe of cold resistance
Jewellery
 i - a +6 ring of strength
Scrolls
 b - 2 scrolls of identify {unknown}
 c - a scroll of blinking {unknown}
Potions
 d - a potion of mutation {unknown}
 g - a potion of degeneration {unknown}


   Skills:
 * Level 1.3 Fighting
 * Level 0.4 Armour
 + Level 1.8 Dodging
 + Level 3.2 Unarmed Combat
 * Level 2.6 Spellcasting
 + Level 2.4 Transmutations


You had 3 spell levels left.
You knew the following spells:

 Your Spells              Type           Power      Damage    Failure   Level
a - Beastly Appendage     Tmut           14%        N/A       10%         1
b - Wereblood             Tmut           7%         N/A       14%         2

Your spell library contained the following spells:

 Spells                   Type           Power      Damage    Failure   Level
 Spider Form              Tmut/Pois      4%         N/A       43%         3
 Ice Form                 Ice/Tmut       4%         N/A       83%         4


Dungeon Overview and Level Annotations

Branches:
Dungeon (2/15)

Altars:
Sif Muna

Annotations:
D:2 Jessica


Innate Abilities, Weirdness & Mutations

You have temporarily grown beastly talons.
You cannot be hasted, slowed, berserked, paralysed or teleported.
You can dig through walls and to a lower floor.
You have a pair of large antennae on your head. (SInv)
Your four strong arms can wield two-handed weapons with a shield.


Message History

The hobgoblin hits you.
You hit the hobgoblin.
You claw the hobgoblin, but do no damage.
The hobgoblin is almost dead.
The hobgoblin misses you.
You barely miss the hobgoblin. Your kick misses the hobgoblin.
The hobgoblin is almost dead.
The hobgoblin barely misses you.
You hit the hobgoblin.
You kill the hobgoblin!
Things that are here:
a +0 hunting sling; a +2 robe of cold resistance; a hobgoblin corpse
j - a +2 robe of cold resistance Jessica barely misses you.
Press: ? - help, v - describe, . - travel
Here: Jessica, wielding a +0 club and wearing a +0 robe (fast)
The floor.
Unknown command.
Casting: Beastly Appendage (safe; 10% risk of failure)
Confirm with . or Enter, or press ? or * to list all spells.
You extend your transformation's duration.
Jessica casts a spell.
Jessica blinks!
You aren't carrying any items that you can evoke.
Unknown command.
Okay, then.
You hit Jessica.
Jessica is moderately wounded.
Jessica hits you with a +0 club. x2
* * * LOW HITPOINT WARNING * * *
Unknown command.
You hit Jessica but do no damage.
Jessica is moderately wounded.
Jessica hits you with a +0 club.
* * * LOW HITPOINT WARNING * * *
Unknown command.
You hit Jessica but do no damage.
Jessica is moderately wounded.
Jessica closely misses you. Jessica hits you with a +0 club.
You die...

.##.##......# #.......#
............# #.......#
###.#.......# #.......#
....#.......# #.......#
##..#.......# #.......#
....#.......# #.......#
.#....####### #.†.....#
.#################'#'####
................@@.#.#
###################.......
#######


You could see Jessica (fast).

Vanquished Creatures
  An endoplasm (D:1)
  2 goblins (D:2)
  2 hobgoblins
  4 jackals (D:1)
  A quokka (D:1)
  2 ball pythons
  2 rats
14 creatures vanquished.

Notes
Turn   | Place    | Note
-------+----------+-------------------------------------------
     0 | D:1      | chunkyMonkey the Formicid Transmuter began the quest for
                  | the Orb.
     0 | D:1      | Reached XP level 1. HP: 15/15 MP: 3/3
     6 | D:1      | Noticed a redback
     6 | D:1      | Noticed a snapping turtle
     6 | D:1      | Noticed an anaconda
     6 | D:1      | Noticed a hog
   201 | D:1      | Reached XP level 2. HP: 7/21 MP: 1/5
   435 | D:1      | Learned a level 2 spell: Wereblood
   665 | D:2      | Found a shimmering blue altar of Sif Muna.
   805 | D:2      | Found a faded altar of an unknown god.
  1037 | D:2      | Noticed Jessica
  1064 | D:2      | HP: 1/21 [Jessica (5)]
  1065 | D:2      | Slain by Jessica

Illustrated notes

Levels and vault maps discovered:
D:1:      onia_arrival_zoo_common, layout_rooms
D:2:      minmay_angry_zag, layout_basic,
          dreamdust_ecumenical_altar_hidden_monk_grotto, basic_altar,
          uniq_jessica, uniq_crazy_yiuf_cottage

Action                   || total
-------------------------++-------
Melee: Unarmed           ||    49
       Kick              ||     9
       Punch             ||     1
 Cast: Beastly Appendage ||    12
       Wereblood         ||     1
Armor: Robe              ||     8
Dodge: Dodged            ||    43

Table legend: (Time is in decaauts)
 A = Elapsed time spent in this place.
 B = Non-inter-level travel time spent in this place.
 C = Inter-level travel time spent in this place.
 D = Time resting spent in this place.
 E = Time spent auto-exploring this place.
 F = Levels seen in this place.
 G = Mean time per level.
                   A        B        C        D        E       F      G
               +--------+--------+--------+--------+--------+-----+--------+
         Total |   1061 |   1028 |     33 |    218 |    610 |   2 |  530.5 |
       Dungeon |   1061 |   1028 |     33 |    218 |    610 |   2 |  530.5 |
               +--------+--------+--------+--------+--------+-----+--------+

Top non-repeatable levels by time:
     D:1: 658 daAuts
     D:2: 403 daAuts
